 Seeded DCSS version 0.28-a0-1594-ga885d4b3d6 (webtiles) character file.

Game seed: 12700726141709342370 (custom seed)

99348 flotson the Fighter (level 15, -26/122 HPs)
             Began as a Demonspawn Gladiator on Jan 20, 2022.
             Was an Initiate of Gozag.
             Killed from afar by a Hell Sentinel (49 damage)
             ... with an iron shot
             ... on level 3 of the Abyss.
             The game lasted 00:49:47 (25649 turns).

flotson the Fighter (Demonspawn Gladiator)         Turns: 25649, Time: 00:49:49

Health: -26/122    AC: 36    Str: 19 (21) XL:     15   Next: 77%
Magic:  15/15      EV:  7    Int: 10 (11) God:    Gozag
Gold:   7603       SH:  0    Dex: 17      Spells: 4/14 levels left

rFire   + + .      SeeInvis +   b - +8 autumn katana {vorpal, manifold assault}
rCold   + . .      Faith    .   (no shield)
rNeg    + + +      Spirit   .   g - +2 crystal plate armour {rC+}
rPois   +          Reflect  .   c - +0 helmet of the Fisher {rElec rF+ rC+ Dex+3}
rElec   +          Harm     .   C - +0 cloak
rCorr   .          Rampage  .   m - +0 pair of gloves
Will    +++..                   (no boots)
Stlth   ..........              T - amulet of Ymaud {Acrobat *Corrode Fly rElec rN+++}
HPRegen 0.30/turn               h - +4 ring of slaying
MPRegen 0.28/turn               n - ring "Opraecw" {Fire rPois Will++ Slay-3 SInv}

@: sanguine armoured, flying, studying Unarmed Combat
A: hooves 2, powered by death 2, magic regeneration, sanguine armour 2,
bedeviling, [deterioration 2], [subdued magic 2]
a: Renounce Religion, Potion Petition, Call Merchant, Bribe Branch


You were on level 3 of the Abyss.
You worshipped Gozag.
Gozag was greatly pleased with you.
You visited 4 branches of the dungeon, and saw 19 of its levels.
You visited the Abyss 1 time.
You also visited: Gauntlet and Ice Cave.

You collected 9575 gold pieces.
You spent 1835 gold pieces at shops.
You paid 137 gold pieces to Gozag.

Inventory:

Hand Weapons
 a - the +7 pair of quick blades "Gyre" and "Gimble" {protect}
   (You found it on level 10 of the Dungeon)

   It grants its wielder temporary protection when it strikes (+7 to AC).
 b - the +8 autumn katana (weapon) {vorpal, manifold assault}
   (You found it on level 1 of the Elven Halls)

   It sometimes launches melee attacks against multiple visible enemies.
Missiles
 d - 8 throwing nets
 u - 20 boomerangs (quivered)
 B - 2 datura-tipped darts
 I - a curare-tipped dart
 Y - 2 silver javelins
Armour
 c - the +0 helmet of the Fisher (worn) {rElec rF+ rC+ Dex+3}
   (You acquired it on level 2 of the Lair of Beasts)

   Dex:       It affects your dexterity (+3).
   rF:        It protects you from fire.
   rC:        It protects you from cold.
   rElec:     It insulates you from electricity.
 g - a +2 crystal plate armour of cold resistance (worn)
 m - a +0 pair of gloves (worn)
 C - a +0 cloak (worn)
Jewellery
 h - a +4 ring of slaying (left hand)
 i - an amulet of reflection
 k - a +4 ring of evasion
 n - the ring "Opraecw" (right hand) {Fire rPois Will++ Slay-3 SInv}
   (You bought it in a shop on level 7 of the Dungeon)

   [ring of fire]

   It enhances your fire magic.
   Slay:      It affects your accuracy & damage with ranged weapons and melee
   (-3).
   rF:        It protects you from fire.
   rC:        It makes you vulnerable to cold.
   rPois:     It protects you from poison.
   SInv:      It lets you see invisible.
   Will:      It greatly increases your willpower.
 x - a ring of resist corrosion
 H - an amulet of guardian spirit
 T - the amulet of Ymaud (around neck) {Acrobat *Corrode Fly rElec rN+++}
   (You bought it in a shop on level 2 of the Orcish Mines)

   [amulet of the acrobat]

   It increases your evasion while moving and waiting.
   rElec:     It insulates you from electricity.
   rN:        It renders you almost immune to negative energy.
   Fly:       It grants you flight.
   *Corrode:  It may corrode you when you take damage.
 X - a ring of poison resistance
Wands
 e - a wand of mindburst (8)
 p - a wand of acid (3)
 K - a wand of flame (18)
 N - a wand of iceblast (14)
 O - a wand of polymorph (11)
 R - a wand of paralysis (14)
 S - a wand of charming (5)
Scrolls
 f - 3 scrolls of fog
 j - a scroll of enchant armour {unknown}
 o - 3 scrolls of fear
 r - 3 scrolls of summoning
 t - a scroll of silence {unknown}
 w - 3 scrolls of blinking
 y - 3 scrolls of vulnerability
 D - 8 scrolls of teleportation
 L - 8 scrolls of magic mapping
 Q - a scroll of holy word {unknown}
 V - 2 scrolls of immolation
 Z - a scroll of torment {unknown}
Potions
 l - 8 potions of lignification
 q - 9 potions of curing
 s - a potion of resistance
 v - a potion of berserk rage {unknown}
 z - 3 potions of might
 A - 2 potions of heal wounds
 E - 3 potions of haste
 F - 4 potions of invisibility
 G - 3 potions of mutation
 J - 3 potions of ambrosia
 P - 2 potions of cancellation
Miscellaneous
 M - a tin of tremorstones (2/2)
 W - a lightning rod (4/4)


   Skills:
 + Level 12.7 Fighting
 + Level 11.9 Long Blades
 + Level 11.7 Throwing
 + Level 11.5 Armour
 + Level 11.9 Dodging
 + Level 8.3 Evocations


You had 4 spell levels left.
You knew the following spells:

 Your Spells              Type           Power      Damage    Failure   Level
a - Ensorcelled Hibernat  Hex/Ice        0%         N/A       100%        2
b - Dazzling Flash        Conj/Hex       0%         N/A       100%        3
c - Silence               Hex/Air        0%         N/A       100%        5

Your spell library contained the following spells:

 Spells                   Type           Power      Damage    Failure   Level
 Beastly Appendage        Tmut           0%         N/A       100%        1
 Magic Dart               Conj           0%         1d3       100%        1
 Sting                    Tmut/Pois      0%         1d3       100%        1
 Searing Ray              Conj           0%         2d4       100%        2
 Conjure Flame            Conj/Fire      0%         6-21      100%        3
 Ignite Poison            Fire/Tmut/Pois 0%         N/A       100%        3
 Inner Flame              Hex/Fire       0%         N/A       100%        3
 Mephitic Cloud           Conj/Pois/Air  0%         N/A       100%        3
 Ozocubu's Armour         Ice            0%         N/A       100%        3
 Spider Form              Tmut/Pois      0%         N/A       100%        3
 Anguish                  Hex/Necr       0%         N/A       100%        4
 Cause Fear               Hex            0%         N/A       100%        4
 Fulminant Prism          Conj/Hex       0%         3d6       100%        4
 Hailstorm                Conj/Ice       0%         3d3       100%        4
 Ice Form                 Ice/Tmut       0%         N/A       100%        4
 Iskenderun's Mystic Bla  Conj/Tloc      0%         2d3       100%        4
 Passage of Golubria      Tloc           0%         N/A       100%        4
 Sticky Flame             Conj/Fire      0%         2d3       100%        4
 Blade Hands              Tmut           0%         N/A       100%        5
 Fireball                 Conj/Fire      0%         3d3       100%        5
 Freezing Cloud           Conj/Ice/Air   0%         6-21      100%        5
 Irradiate                Conj/Tmut      0%         3d13      100%        5
 Iskenderun's Battlesphe  Conj           0%         2d6       100%        5
 Metabolic Englaciation   Hex/Ice        0%         N/A       100%        5
 Summon Forest            Summ/Tloc      0%         N/A       100%        5
 Summon Mana Viper        Hex/Summ       0%         N/A       100%        5
 Dispersal                Tloc           0%         N/A       100%        6
 Iron Shot                Conj/Erth      0%         9d1       100%        6
 Simulacrum               Ice/Necr       0%         N/A       100%        6
 Starburst                Conj/Fire      0%         6d3       100%        6
 Summon Cactus Giant      Summ           0%         N/A       100%        6
 Dragon Form              Tmut           0%         N/A       100%        7
 Spellforged Servitor     Conj/Summ      0%         N/A       100%        7
 Borgnjor's Revivificati  Necr           0%         N/A       100%        8
 Discord                  Hex            0%         N/A       100%        8
 Disjunction              Tloc           0%         N/A       100%        8
 Lehudib's Crystal Spear  Conj/Erth      0%         10d2      100%        8
 Necromutation            Tmut/Necr      0%         N/A       100%        8
 Death's Door             Necr           0%         N/A       100%        9
 Fire Storm               Conj/Fire      0%         5d1       100%        9


Dungeon Overview and Level Annotations

Branches:
Dungeon (10/15)            Temple (0/1) D:5            Lair (6/6) D:8
  Swamp (0/4) Lair:4        Snake (0/4) Lair:3        Slime (0/5) Lair:5
    Orc (2/2) D:10            Elf (1/3) Orc:2         IceCv (visited)
Gauntlet (visited)

Altars:
Elyvilon
Gozag
Hepliaklqana
Kikubaaqudgha
Makhleb
Vehumet
Xom
Jiyva

Shops:
D:7 **   D:9 *   Orc:2 :[=?


Innate Abilities, Weirdness & Mutations

You have hoof-like feet.
You regenerate health from kills.
You regenerate magic rapidly.
When seriously injured, your blood forms thick armour. (AC +9)
Your hexes are more powerful.
[Your body often deteriorates upon taking damage.]
[Your spells are easier to cast, but less powerful.]


Message History

The sphere of damnation explodes!
The damnation engulfs you!!
* * * LOW HITPOINT WARNING * * *
The damnation engulfs the Hell Sentinel.
The Hell Sentinel completely resists.
You feel much better.
The Hell Sentinel hits you but does no damage.
The Hell Sentinel hits you.
* * * LOW HITPOINT WARNING * * *
You feel much better. The Hell Sentinel hits you!!
* * * LOW HITPOINT WARNING * * *
Your body deteriorates!
You feel weakened. The Hell Sentinel barely misses you.
You feel much better. The Hell Sentinel gestures at you.
The sphere of damnation explodes!
The damnation engulfs you!!!
* * * LOW HITPOINT WARNING * * *
The damnation engulfs the Hell Sentinel.
The Hell Sentinel completely resists.
Unknown command.
You feel much better.
The Hell Sentinel hits you but does no damage. x2
Aiming: Corrosive Bolt
Press: ? - help, Shift-Dir - straight line, f - Hell Sentinel
Aim: a Hell Sentinel (heavily wounded, 98% to hit)
The bolt of acid hits the Hell Sentinel!
The acid corrodes the Hell Sentinel!
The Hell Sentinel is heavily wounded.
The Hell Sentinel hits you!
* * * LOW HITPOINT WARNING * * *
The Hell Sentinel hits you but does no damage.
The +7 pair of quick blades "Gyre" and "Gimble" {protect} goes still.
b - the +8 autumn katana (weapon)
{vorpal, manifold assault} A rust devil comes into view.
You slice the Hell Sentinel!!
You kick the Hell Sentinel, but do no damage.
The Hell Sentinel is severely wounded.
The Hell Sentinel gestures at you. The iron shot hits you!!!
You die...
Your body crumbles into a pile of gold. ##### #.1@# #4### ## # . . # # .

You could see a Hell Sentinel (corroded) and a rust devil.

Vanquished Creatures
  A bone dragon (Abyss:3)
  A tentacled starspawn (Abyss:3)
  Gastronok (Lair:2)
  A balrug (Gauntlet)
  A cacodemon (Abyss:3)
  A reaper (IceCv)
  The ghost of Dowoeg the Nimble, a journeyman DjWn of Fedhas (Lair:5)
  A minotaur (Gauntlet)
  A red draconian (Abyss:3)
  2 blizzard demons (Abyss:3)
  Harold (Lair:2)
  A deep elf high priest (Elf:1)
  2 boulder beetles
  7 hydras
  An ice dragon (Lair:4)
  5 two-headed ogres
  5 orc high priests (Orc:2)
  4 death yaks (Lair:6)
  4 deep elf knights (Elf:1)
  A sixfirhy (Abyss:3)
  An anaconda zombie (Abyss:3)
  7 orc knights (Orc:2)
  8 deep elf archers (Elf:1)
  2 wolf spiders
  7 deep elf pyromancers (Elf:1)
  5 deep elf zephyrmancers (Elf:1)
  A will-o-the-wisp (Lair:4)
  A worldbinder (Abyss:3)
  An orc sorcerer (Orc:1)
  9 elephants
  5 oklob plants
  A guardian serpent (Lair:6)
  20 cane toads
  16 black mambas
  An ice statue (IceCv)
  An unseen horror (D:10)
  2 torpor snails (Lair:6)
  An orange demon (Abyss:3)
  4 rime drakes
  2 ice devils (IceCv)
  7 komodo dragons
  An anaconda simulacrum (IceCv)
  An entropy weaver simulacrum (IceCv)
  An ancient zyme (Abyss:3)
  2 trolls
  3 polar bears
  Grinder (D:4)
  4 hornets
  2 raiju (Abyss:3)
  18 blink frogs
  7 dream sheep (Lair:5)
  2 large abominations (Abyss:3)
  2 shadows (D:6)
  3 flying skulls (Abyss:3)
  2 water elementals (Elf:1)
  A spriggan (D:10)
  3 air elementals (Elf:1)
  3 dire elephant simulacra (IceCv)
  2 vampires
  3 fire elementals (Elf:1)
  85 yaks
  12 wyverns
  A wraith (D:9)
  Grum (D:10)
  2 basilisks (Lair:2)
  2 redbacks (Lair:6)
  A vampire mosquito (D:6)
  A harpy simulacrum (IceCv)
  A death yak simulacrum (IceCv)
  6 nagas (Lair:3)
  3 acid dragons
  3 wargs
  23 water moccasins
  A floating eye (Lair:2)
  A black bear (Lair:2)
  26 orc warriors
  5 necrophages
  2 ice beasts
  4 ogres
  2 centaurs
  29 wolves
  3 phantoms
  2 small abominations (Abyss:3)
  2 kobold brigands (D:7)
  6 bullfrogs
  2 cane toad simulacra (IceCv)
  4 scorpions
  An earth elemental (Elf:1)
  A water moccasin zombie (D:5)
  4 two-headed ogre simulacra (IceCv)
  A wyvern skeleton (D:6)
  An elephant simulacrum (IceCv)
  32 killer bees (Lair:5)
  4 electric eels
  A howler monkey (D:7)
  A starcursed mass (Abyss:3)
  A bullfrog zombie (D:6)
  4 centaur zombies
  A gnoll shaman (D:6)
  Crazy Yiuf (D:4)
  2 bullfrog skeletons
  3 centaur skeletons
  24 orc priests
  2 quasits (Abyss:3)
  8 hounds
  2 jellies
  Natasha (twice) (D:4)
  2 iguanas
  13 orc wizards
  3 polar bear simulacra (IceCv)
  4 spriggan simulacra (IceCv)
  9 troll simulacra (IceCv)
  2 wolf simulacra (IceCv)
  A killer bee zombie (D:7)
  A hound skeleton (D:4)
  3 adders
  3 gnolls (D:6)
  8 naga simulacra (IceCv)
  3 shadow imps
  9 white imps
  4 ufetubi (IceCv)
  An adder skeleton (D:5)
  69 orcs
  6 ball pythons
  3 bats
  8 endoplasms
  6 giant cockroaches
  A goblin (D:4)
  3 hobgoblins (D:2)
  A jackal (D:1)
  16 kobolds
  4 quokkas (D:4)
  3 frilled lizards
  3 rats
  A spectral kobold (D:5)
  A starspawn tentacle (Abyss:3)
722 creatures vanquished.

Vanquished Creatures (others)
  7 dancing weapons
  A deep elf zephyrmancer (Elf:1)
  A flying skull (Abyss:3)
  A water elemental (Elf:1)
  A small abomination (Abyss:3)
  5 bushes
  8 foxfires (Lair:4)
  45 fungi
  77 plants
  7 starspawn tentacles (Abyss:3)
153 creatures vanquished.

Grand Total: 875 creatures vanquished

Notes
Turn   | Place    | Note
-------+----------+-------------------------------------------
     0 | D:1      | flotson the Demonspawn Gladiator began the quest for the
                  | Orb.
     0 | D:1      | Reached XP level 1. HP: 16/16 MP: 1/1
   480 | D:1      | Gained mutation: You regenerate magic rapidly. [demonic
                  | ancestry]
   480 | D:1      | Reached XP level 2. HP: 19/22 MP: 2/2
  1139 | D:2      | Gained mutation: You have large cloven feet. [demonic
                  | ancestry]
  1139 | D:2      | Reached XP level 3. HP: 15/28 MP: 1/3
  1728 | D:2      | Reached skill level 1 in Armour
  1816 | D:3      | Found a faded altar of an unknown god.
  2681 | D:4      | Gained mutation: You regenerate a little health from kills.
                  | [demonic ancestry]
  2681 | D:4      | Reached XP level 4. HP: 34/34 MP: 4/4
  2685 | D:4      | Noticed Grinder
  2697 | D:4      | Killed Grinder
  2698 | D:4      | Reached skill level 3 in Fighting
  2698 | D:4      | Reached XP level 5. HP: 31/41 MP: 3/5
  2698 | D:4      | Reached XP level 6. HP: 35/47 MP: 3/6
  3250 | D:4      | Noticed Natasha
  3257 | D:4      | Killed Natasha
  3316 | D:4      | Found a runed translucent door.
  3317 | D:4      | Noticed Crazy Yiuf
  3508 | D:4      | Killed Crazy Yiuf
  3665 | D:5      | Entered Level 5 of the Dungeon
  4418 | D:4      | Noticed Natasha
  4428 | D:4      | Killed Natasha
  4501 | D:5      | Gained mutation: When seriously injured, your blood forms
                  | armour. (AC +9) [demonic ancestry]
  4501 | D:5      | Reached XP level 7. HP: 52/53 MP: 7/7
  4625 | D:5      | Reached skill level 4 in Fighting
  4678 | D:5      | Found a hazy altar of Hepliaklqana.
  4771 | D:5      | Found a staircase to the Ecumenical Temple.
  5375 | D:6      | Noticed a shadow
  5408 | D:6      | Killed a shadow
  5409 | D:6      | Reached XP level 8. HP: 13/61 MP: 3/8
  6077 | D:6      | Reached skill level 5 in Fighting
  6077 | D:6      | Reached skill level 5 in Long Blades
  6077 | D:6      | Reached skill level 5 in Dodging
  6527 | D:6      | Reached skill level 5 in Throwing
  6650 | D:6      | Gained mutation: You regenerate health from kills. [demonic
                  | ancestry]
  6650 | D:6      | Reached XP level 9. HP: 34/68 MP: 5/9
  7525 | D:7      | Found Quushril's Fire Supplies.
  7672 | D:7      | Reached skill level 6 in Fighting
  7708 | D:7      | Reached skill level 5 in Armour
  7949 | D:7      | Noticed a two-headed ogre
  7980 | D:7      | Killed a two-headed ogre
  8251 | D:7      | Found Symoduyd's General Store.
  8259 | D:7      | Bought a scroll of identify for 20 gold pieces
  8259 | D:7      | Bought a scroll of teleportation for 30 gold pieces
  8259 | D:7      | Bought a scroll of identify for 20 gold pieces
  8850 | D:8      | Identified the +12 morningstar of the Three Nightmares
                  | {elec, Str+4 Int+3}
  8850 | D:8      | Noticed a troll
  8867 | D:7      | Killed a troll
  8950 | D:8      | Gained mutation: When seriously injured, your blood forms
                  | thick armour. (AC +9) [demonic ancestry]
  8950 | D:8      | Reached XP level 10. HP: 64/77 MP: 10/10
  9059 | D:8      | Found a burning altar of Makhleb.
  9059 | D:8      | Found an ancient bone altar of Kikubaaqudgha.
  9220 | D:8      | Found a staircase to the Lair.
  9345 | D:8      | Reached skill level 7 in Fighting
  9500 | D:8      | Noticed a two-headed ogre
  9529 | D:8      | Killed a two-headed ogre
 10292 | D:9      | Found a radiant altar of Vehumet.
 10687 | D:9      | Found Boafugy's Assorted Antiques.
 10695 | D:9      | Bought a scroll labelled BUCEUTW WINEP for 23 gold pieces
 10748 | D:9      | Found an opulent altar of Gozag.
 10764 | D:9      | Became a worshipper of Gozag Ym Sagoz the Greedy
 11202 | D:10     | Entered Level 10 of the Dungeon
 11333 | D:10     | Reached XP level 11. HP: 64/86 MP: 11/11
 11341 | D:10     | Reached skill level 8 in Fighting
 11560 | D:10     | Noticed a two-headed ogre
 11560 | D:10     | Noticed a two-headed ogre
 11577 | D:10     | Killed a two-headed ogre
 11582 | D:10     | Killed a two-headed ogre
 11600 | D:10     | Found the +7 pair of quick blades "Gyre" and "Gimble"
                  | {protect}
 11712 | D:10     | Found a staircase to the Orcish Mines.
 11774 | D:10     | Noticed Grum
 11788 | D:10     | Killed Grum
 11850 | D:10     | Noticed a two-headed ogre
 12161 | D:10     | Killed a two-headed ogre
 12628 | Lair:1   | Entered Level 1 of the Lair of Beasts
 13112 | Lair:1   | Noticed an eight-headed hydra
 13123 | Lair:1   | Killed an eight-headed hydra
 13144 | Lair:1   | Reached skill level 9 in Fighting
 13375 | Lair:1   | Noticed a five-headed hydra
 13383 | Lair:1   | Killed a five-headed hydra
 13384 | Lair:1   | Reached XP level 12. HP: 87/95 MP: 12/12
 13861 | Lair:2   | Noticed Gastronok
 13878 | Lair:2   | Killed Gastronok
 14107 | Lair:2   | Identified 2 scrolls of acquirement
 14109 | Lair:2   | Acquired the +0 helmet of the Fisher {rElec rF+ rC+ Dex+3}
 14121 | Lair:2   | Acquired 1080 gold pieces
 14251 | Lair:2   | Noticed Harold
 14274 | Lair:2   | Killed Harold
 14275 | Lair:2   | Reached skill level 1 in Evocations
 14363 | Lair:2   | Reached skill level 10 in Fighting
 14408 | Lair:2   | Noticed a six-headed hydra
 14414 | Lair:2   | Killed a six-headed hydra
 15042 | Lair:3   | Gained mutation: You have hoof-like feet. [demonic
                  | ancestry]
 15042 | Lair:3   | Reached XP level 13. HP: 103/103 MP: 13/13
 15267 | Lair:3   | Found a staircase to the Snake Pit.
 15835 | Lair:4   | Found a gate leading to a gauntlet.
 15844 | Gauntlet | Entered a Gauntlet
 15844 | Gauntlet | Found a transporter.
 15844 | Gauntlet | Found a transporter.
 15849 | Gauntlet | Found a transporter.
 15869 | Gauntlet | Found a transporter.
 15880 | Gauntlet | Found a transporter.
 15893 | Gauntlet | Found a transporter.
 15928 | Gauntlet | Noticed a balrug
 15929 | Gauntlet | Identified the +2 hat of Fun and Games {Dex+2}
 15940 | Gauntlet | Found a transporter.
 15941 | Gauntlet | Found a transporter.
 15962 | Gauntlet | Killed a balrug
 15967 | Gauntlet | Found a transporter.
 15970 | Gauntlet | Found a transporter.
 16034 | Gauntlet | Noticed a green death
 16241 | Gauntlet | Noticed a minotaur
 16258 | Gauntlet | Killed a minotaur
 16267 | Gauntlet | Got Heist's Papyrus of Shape Shifting and Fire
 16272 | Lair:4   | Found a staircase to the Swamp.
 16426 | Lair:4   | Reached skill level 10 in Dodging
 16453 | Lair:4   | Reached skill level 10 in Long Blades
 16543 | Lair:4   | Found a frozen archway.
 16609 | IceCv    | Entered an ice cave
 17285 | IceCv    | Identified the +0 plate armour of Guesuew {rC+}
 17588 | IceCv    | Noticed a reaper
 17633 | IceCv    | Killed a reaper
 17634 | IceCv    | Reached skill level 10 in Throwing
 17820 | Lair:4   | Acquired 756 gold pieces
 17917 | Lair:4   | Reached skill level 11 in Fighting
 18331 | Lair:5   | Reached skill level 5 in Evocations
 18345 | Lair:5   | Reached skill level 10 in Armour
 18482 | Lair:5   | Found a viscous altar of Jiyva.
 18483 | Lair:5   | Found a staircase to the Slime Pits.
 18576 | Lair:5   | Gained mutation: Your hexes are more powerful. [demonic
                  | ancestry]
 18576 | Lair:5   | Reached XP level 14. HP: 113/113 MP: 14/14
 18676 | Lair:5   | Identified the +8 dagger of Prudence {drain, rPois Str-3
                  | Dex+6}
 18777 | Lair:5   | Found a runed translucent door.
 18777 | Lair:5   | Found a shimmering altar of Xom.
 18777 | Lair:5   | Noticed Dowoeg's ghost (journeyman DjWn)
 18847 | Lair:5   | Killed Dowoeg's ghost
 19485 | Lair:6   | Entered Level 6 of the Lair of Beasts
 20470 | Lair:6   | Reached skill level 12 in Fighting
 20836 | Lair:6   | Reached XP level 15. HP: 111/120 MP: 15/15
 21253 | Orc:1    | Entered Level 1 of the Orcish Mines
 21416 | Orc:2    | Entered Level 2 of the Orcish Mines
 21504 | Orc:2    | Found a staircase to the Elven Halls.
 22911 | Orc:2    | Found Vearywk's Magic Scroll Shoppe.
 22914 | Orc:2    | Found Jaonwo Akhe's Armour Emporium.
 22915 | Orc:2    | Found Cigiw's Book Shoppe.
 22916 | Orc:2    | Found Bufot's Jewellery Shoppe.
 22923 | Orc:2    | Bought a scroll of identify for 34 gold pieces
 22923 | Orc:2    | Bought a scroll of fog for 34 gold pieces
 22923 | Orc:2    | Bought a scroll of immolation for 59 gold pieces
 22923 | Orc:2    | Bought a scroll of summoning for 161 gold pieces
 22925 | Orc:2    | Bought the amulet of Ymaud {Acrobat *Corrode Fly rElec
                  | rN+++} for 984 gold pieces
 23021 | Elf:1    | Entered Level 1 of the Elven Halls
 23196 | D:7      | Bought the ring "Opraecw" {Fire rPois Will++ Slay-3 SInv}
                  | for 470 gold pieces
 23845 | Elf:1    | Found the +8 autumn katana {vorpal, manifold assault}
 23942 | Elf:1    | Paralysed by an air elemental for 1 turns
 24043 | Elf:1    | Learned a level 2 spell: Ensorcelled Hibernation
 24051 | Elf:1    | Learned a level 3 spell: Dazzling Flash
 24057 | Elf:1    | Learned a level 5 spell: Silence
 24287 | Elf:1    | Identified the +1 chain mail of Loss {Int+3 SInv}
 24751 | Elf:1    | Cast into level 3 of the Abyss (+4 hand axe of distortion)
 24782 | Abyss:3  | Noticed a tentacled starspawn
 24835 | Abyss:3  | Killed a tentacled starspawn
 24858 | Abyss:3  | Noticed a bone dragon
 24888 | Abyss:3  | Killed a bone dragon
 25152 | Abyss:3  | Found a candlelit altar of Ignis.
 25283 | Abyss:3  | Noticed a tentacled starspawn
 25391 | Abyss:3  | Found a candlelit altar of Ignis.
 25414 | Abyss:3  | Paralysed by accursed screaming for 1 turns
 25418 | Abyss:3  | Paralysed by accursed screaming for 1 turns
 25441 | Abyss:3  | Noticed a lich
 25619 | Abyss:3  | Noticed a Hell Sentinel
 25649 | Abyss:3  | Killed from afar by a Hell Sentinel

Illustrated notes

Levels and vault maps discovered:
D:1:      dpeg_arrival_arbitrary_c, layout_basic, minmay_misc_feat_room,
          minmay_indecisive_spiral
D:2:      layout_loops_cross
D:3:      layout_loops_ring, basic_ecumenical_altar
D:4:      layout_basic, uniq_natasha, uniq_grinder, uniq_crazy_yiuf_cottage
D:5:      layout_loops_ring, nicolae_hepliaklqana_monster_ancestors,
          minmay_temple_entry_gardened_gates
D:6:      minmay_opposing_rooms, layout_basic, moated_statue, st_stairs_1
D:7:      layout_layer_cave, serial_shops, nicolae_shop_trees,
          chequers_serial_rivers_small_b, nicolae_shop_fire_sale
          [nicolae_sub_dead_trees], minmay_fractal_squares_diagonal_5
D:8:      layout_basic, gammafunk_temple_overflow_wave, marbit_many_paths,
          erik_lair_island, chequers_arboretum
D:9:      layout_gridville, mainiacjoe_overflow_small_starburst,
          overflow_temple_1_default, serial_shops, shop
D:10:     layout_irregular_city, hiddenorc1_lemuel,
          hellmonk_guarded_unrand_gyre_and_gimble, uniq_grum
Lair:1:   layout_regular_city, minmay_hedge_maze, minmay_stone_trees_small,
          guppyfry_lair_drakes, serial_bayou_shore_b, lemuel_fruit_fields
Lair:2:   layout_roguey, disabler_island, uniq_gastronok, uniq_harold
Lair:3:   layout_long_grid, minmay_snake_entry_guardpost_medium,
          roderic_carrion_pond
Lair:4:   layout_roguey, minmay_swamp_entry_wisps, gauntlet_entry_generic,
          portal_ice_cave_entry_animals_and_master,
          cheibrodos_lair_caveside_slide, minivault_25,
          nicolae_lair_run_with_the_wolves, infiniplex_staircase_pool
Lair:5:   wad_woods_minihive, layout_cave_pods, slime_altar_1, ebering_ghost_xom
Lair:6:   hangedman_lair_tendril_chambers, layout_regular_city, minivault_23,
          amcnicky_mini_pool_medium, lemuel_fruit_fields
Orc:1:    layout_caves
Orc:2:    st_orc_pillars, layout_caves
Elf:1:    layout_geoelf_diagonals, evilmike_minifort
Abyss:3:  base: D:7, minivault_5, minivault_1, evilmike_abyss_exit_glass

Skill      XL: |  1  2  3  4  5  6  7  8  9 10 11 12 13 14 15 |
---------------+----------------------------------------------+-----
Throwing       | 2 3 4 5 6 7 8 9 10 11 | 11.7
Dodging        | 3 4 5 6 7 8 9 10 11 | 11.9
Long Blades    | 3 4 5 6 7 8 9 10 11 | 11.9
Armour         | 1 2 3 4 5 6 8 9 10 11 | 11.5
Fighting       | 3 4 5 6 7 9 10 11 12 | 12.7
Evocations     | 2 5 7 8 |  8.3

Action                   |  1- 3 |  4- 6 |  7- 9 | 10-12 | 13-15 || total
-------------------------+-------+-------+-------+-------+-------++-------
Melee: Long sword        |    85 |       |    25 |       |       ||   110
       Dagger            |    24 |    79 |   413 |       |       ||   516
       Kick              |    17 |    27 |   143 |   241 |   833 ||  1261
       Punch             |       |     1 |     6 |       |     2 ||     9
       Morningstar       |       |       |     7 |   146 |       ||   153
       Pair of quick bla |       |       |       |   475 |  1665 ||  2140
       Katana            |       |       |       |       |   287 ||   287
Throw: Dart              |       |     2 |     6 |     9 |       ||    17
       Throwing net      |       |       |     3 |       |       ||     3
       Boomerang         |       |       |     2 |    73 |       ||    75
Evoke: Wand              |       |       |       |       |     1 ||     1
  Use: Scroll            |       |       |    10 |    11 |     8 ||    29
       Potion            |       |       |       |     1 |     8 ||     9
 Stab: Sleeping          |     1 |       |       |       |       ||     1
       Distracted        |       |       |       |     2 |    10 ||    12
Armor: Leather armour    |    14 |       |       |       |       ||    14
       Ring mail         |    29 |    24 |   191 |    49 |       ||   293
       Acid dragon scale |       |       |       |   163 |    58 ||   221
       Crystal plate arm |       |       |       |       |   526 ||   526
Dodge: Dodged            |    61 |    33 |   259 |   310 |   546 ||  1209
Block: Other             |       |       |       |    99 |   157 ||   256
       Reflection        |       |       |       |     1 |       ||     1

Table legend: (Time is in decaauts)
 A = Elapsed time spent in this place.
 B = Non-inter-level travel time spent in this place.
 C = Inter-level travel time spent in this place.
 D = Time resting spent in this place.
 E = Time spent auto-exploring this place.
 F = Levels seen in this place.
 G = Mean time per level.
                   A        B        C        D        E       F      G
               +--------+--------+--------+--------+--------+-----+--------+
         Total |  24316 |  23335 |    981 |   1324 |  17158 |  22 | 1105.3 |
       Dungeon |  12836 |  12280 |    556 |    247 |  10047 |  10 | 1283.6 |
          Lair |   6201 |   5932 |    269 |      2 |   4460 |   6 | 1033.5 |
  Orcish Mines |   1623 |   1473 |    150 |    297 |    837 |   2 |  811.5 |
   Elven Halls |   1412 |   1407 |      5 |      0 |   1104 |   1 | 1412.0 |
         Abyss |    832 |    832 |      0 |    524 |     56 |   1 |  832.0 |
      Ice Cave |   1010 |   1010 |      0 |      0 |    647 |   1 | 1010.0 |
      Gauntlet |    400 |    400 |      0 |    254 |      6 |   1 |  400.0 |
               +--------+--------+--------+--------+--------+-----+--------+

Top non-repeatable levels by time:
     D:6: 2234 daAuts
     D:4: 1971 daAuts
     D:7: 1466 daAuts
   Elf:1: 1412 daAuts
    D:10: 1399 daAuts
     D:8: 1284 daAuts
  Lair:6: 1270 daAuts
     D:9: 1264 daAuts
  Lair:1: 1189 daAuts
  Lair:5: 1173 daAuts
   Orc:2: 1090 daAuts
  Lair:2: 1021 daAuts
   IceCv: 1010 daAuts
     D:1: 928 daAuts
     D:2: 896 daAuts
